 Dungeon Crawl Stone Soup version 0.30-a0-553-g7fabdf1491 (webtiles) character file.

Game seed: 17790149972714082527

84 Heh the Trooper (level 4, 0/42 HPs)
             Began as a Minotaur Gladiator on Dec 26, 2022.
             Slain by a rat (1 damage)
             ... on level 2 of the Dungeon.
             The game lasted 00:02:01 (983 turns).

Heh the Trooper (Minotaur Gladiator)                 Turns: 983, Time: 00:02:02

Health: 0/42       AC:  5    Str: 19    XL:     4   Next: 24%
Magic:  3/3        EV: 11    Int:  5    God:
Gold:   58         SH:  0    Dex: 13    Spells: 3/3 levels left

rFire   . . .      SeeInvis .    a - +0 long sword
rCold   . . .      Faith    .    (no shield)
rNeg    . . .      Spirit   .    h - +0 ring mail
rPois   .          Reflect  .    c - +0 hat
rElec   .          Harm     .    (no cloak)
rCorr   .          Rampage  .    (no gloves)
Will    .....                    (no boots)
Stlth   +                        (no amulet)
HPRegen 0.27/turn                (no ring)
MPRegen 0.08/turn                (no ring)

@: brilliant, lethally poisoned (0 -> 0)
A: horns 2, retaliatory headbutt
a: no special abilities


You were on level 2 of the Dungeon.
You visited 1 branch of the dungeon, and saw 2 of its levels.

You collected 58 gold pieces.

Inventory:

Hand Weapons
 a - a +0 long sword (weapon)
Missiles
 d - 2 throwing nets (quivered)
 e - a javelin
Armour
 b - a +0 leather armour
 c - a +0 hat (worn)
 h - a +0 ring mail (worn)
 k - a +0 pair of boots
Scrolls
 f - a scroll of poison {unknown}
 g - 2 scrolls of identify {unknown}


   Skills:
 + Level 5.5 Fighting
 - Level 3.6 Long Blades
 - Level 2.0 Throwing
 - Level 3.2 Dodging


You had 3 spell levels left.
You didn't know any spells.
Your spell library was empty.

Dungeon Overview and Level Annotations

Branches:
Dungeon (2/15)

Altars:


Innate Abilities, Weirdness & Mutations

You have a pair of horns on your head.
You reflexively headbutt those who attack you in melee.


Message History

The net rips apart, and the adder comes free!
You closely miss the adder.
The adder is moderately wounded.
The adder bites you but does no damage.
A rat comes into view.
You closely miss the adder. Your headbutt misses the adder.
The adder is moderately wounded.
The adder barely misses you.
A rat comes into view.
The adder bites you but does no damage.
You slash the adder!
The adder is severely wounded.
The adder bites you.
* * * LOW HITPOINT WARNING * * *
The adder bites you.
* * * LOW HITPOINT WARNING * * *
You are poisoned.
The adder poisons you!
You hit the adder.
The adder is almost dead.
* * * LOW HITPOINT WARNING * * *
You feel very sick. The adder barely misses you. x2
Okay, then.
You closely miss the adder.
The adder is almost dead.
You feel sick. The adder closely misses you.
You slash the adder!
You kill the adder!
You feel sick.
It was a potion of magic.
Magic courses through your body.
You feel sick. The hobgoblin hits you.
* * * LOW HITPOINT WARNING * * *
It was a potion of brilliance.
You feel clever all of a sudden.
* * * LOW HITPOINT WARNING * * *
You feel sick.
The hobgoblin hits you but does no damage.
The rat bites you.
You die...

##.# #..#
#####..####†.#
#......#...).#
#.###..#.###.##
#....# #..#
#.##..# ##.#
..# #...# #.##
#.. .##.g##..#
## .# #rgg@..#
. #.####r.# #
#..# #.## #.#
#.. ... ..


You could see a hobgoblin, 2 goblins and 2 rats.

Vanquished Creatures
  3 adders (D:2)
  5 dart slugs
  2 bats
  An endoplasm (D:1)
  2 giant cockroaches
  5 goblins
  7 hobgoblins
  2 jackals (D:2)
  3 quokkas (D:1)
  5 ball pythons
  A frilled lizard (D:1)
  6 kobolds
  4 rats (D:1)
46 creatures vanquished.

Notes
Turn   | Place    | Note
-------+----------+-------------------------------------------
     0 | D:1      | Heh the Minotaur Gladiator began the quest for the Orb.
     0 | D:1      | Reached XP level 1. HP: 18/18 MP: 0/0
   184 | D:1      | Reached skill level 3 in Fighting
   195 | D:1      | Reached XP level 2. HP: 11/26 MP: 1/1
   518 | D:1      | Reached skill level 4 in Fighting
   621 | D:1      | Reached XP level 3. HP: 34/34 MP: 2/2
   875 | D:2      | Reached skill level 5 in Fighting
   968 | D:2      | Reached XP level 4. HP: 8/42 MP: 3/3
   982 | D:2      | HP: 2/42 [hobgoblin (1)]
   983 | D:2      | Slain by a rat

Illustrated notes

Levels and vault maps discovered:
D:1:      zelgadis_glass_arrival_small, layout_basic
D:2:      layout_loops_ring, hellmonk_ecumenical_altar_leap_of_faith,
          nrook_campfire, minmay_vboxes

Skill      XL: |  1  2  3 |
---------------+----------+-----
Fighting       | 3 4 5 |  5.5
Long Blades    | |  3.6
Throwing       | |  2.0
Dodging        | |  3.2

Action                   |  1- 3 |  4- 6 || total
-------------------------+-------+-------++-------
Melee: Long sword        |    74 |    12 ||    86
       Headbutt          |    12 |     1 ||    13
       Punch             |     1 |       ||     1
Throw: Throwing net      |       |     1 ||     1
  Use: Potion            |       |     2 ||     2
Armor: Leather armour    |    16 |       ||    16
       Ring mail         |    33 |     3 ||    36
Dodge: Dodged            |    72 |     8 ||    80

Table legend: (Time is in decaauts)
 A = Elapsed time spent in this place.
 B = Non-inter-level travel time spent in this place.
 C = Inter-level travel time spent in this place.
 D = Time resting spent in this place.
 E = Time spent auto-exploring this place.
 F = Levels seen in this place.
 G = Mean time per level.
                   A        B        C        D        E       F      G
               +--------+--------+--------+--------+--------+-----+--------+
         Total |   1002 |    980 |     22 |    160 |    607 |   2 |  501.0 |
       Dungeon |   1002 |    980 |     22 |    160 |    607 |   2 |  501.0 |
               +--------+--------+--------+--------+--------+-----+--------+

Top non-repeatable levels by time:
     D:1: 835 daAuts
     D:2: 166 daAuts
